 Dungeon Crawl Stone Soup version 0.22-a0-558-gc2241811a9 (webtiles) character file.

3067 PikkenKukken the Skirmisher (level 9, -8/69 HPs)
             Began as a Demonspawn Gladiator on June 26, 2018.
             Was a Follower of Makhleb.
             Mangled by an orc warrior
             ... wielding a +0 scimitar
              (17 damage)
             ... on level 7 of the Dungeon.
             The game lasted 00:22:01 (7954 turns).

PikkenKukken the Skirmisher (Demonspawn Gladiator)  Turns: 7954, Time: 00:22:02

Health: -8/69      AC: 12    Str: 21    XL:     9   Next: 58%
Magic:  9/9        EV: 14    Int:  9    God:    Makhleb [*.....]
Gold:   309        SH:  5    Dex: 16    Spells: 8/8 levels left

rFire    . . .     SeeInvis .   a - +0 war axe
rCold    . . .     Gourm    .   g - +0 buckler
rNeg     . . .     Faith    .   k - +3 ring mail {MR+}
rPois    .         Spirit   .   (helmet unavailable)
rElec    .         Reflect  .   o - +0 cloak
rCorr    .         Harm     .   (no gloves)
MR       ++...                  (no boots)
Stlth    +.........             (no amulet)
HPRegen  0.21/turn              q - ring of protection from magic
MPRegen  0.11/turn              x - +4 ring of strength

@: no status effects
A: horns 3, yellow scales 1, powered by death 1
a: Renounce Religion


You were on level 7 of the Dungeon.
You worshipped Makhleb.
Makhleb was aware of your devotion.
You were not hungry.

You visited 2 branches of the dungeon, and saw 8 of its levels.
You also visited: Sewer.

You collected 309 gold pieces.

Inventory:

Hand Weapons
 a - a +0 war axe (weapon)
Missiles
 l - 23 bolts
 y - 3 stones (quivered)
Armour
 b - a +0 leather armour
 c - a +0 helmet
 g - a +0 buckler (worn)
 i - a +0 troll leather armour
 j - a +0 ring mail
 k - a +3 ring mail of magic resistance (worn)
 o - a +0 cloak (worn)
 s - a +1 ring mail of cold resistance
Jewellery
 q - a ring of protection from magic (left hand)
 x - a +4 ring of strength (right hand)
Wands
 t - a wand of flame (33)
Scrolls
 d - 2 scrolls of remove curse
 h - 2 scrolls of enchant armour
 n - 4 scrolls of identify
 v - a scroll of fear
 w - 4 scrolls of teleportation
Potions
 e - 2 potions of magic
 m - a potion of curing
 r - 4 potions of flight
 u - 2 potions of haste
Comestibles
 f - 11 rations


   Skills:
 + Level 5.7 Fighting
 + Level 5.7 Axes
 + Level 5.3 Throwing
 + Level 4.6 Armour
 + Level 5.6 Dodging
 - Level 0.3 Stealth
 + Level 4.7 Shields


You had 8 spell levels left.
You didn't know any spells.
Your spell library contained the following spells:

 Spells                   Type           Power        Failure   Level  Hunger
 Magic Dart               Conj           #...         54%         1    ##.....
 Apportation              Tloc           #.....       54%         1    ##.....
 Conjure Flame            Conj/Fire      #.......     88%         3    ####...
 Slow                     Hex            #.......     67%         2    ###....
 Mephitic Cloud           Conj/Pois/Air  #.......     88%         3    ####...
 Summon Small Mammal      Summ           #...         54%         1    ##.....
 Blink                    Tloc           N/A          67%         2    ###....
 Animate Skeleton         Necr           N/A          54%         1    ##.....
 Call Imp                 Summ           #.......     67%         2    ###....
 Confusing Touch          Hex            #.....       54%         1    ##.....


Dungeon Overview and Level Annotations

Branches:
Dungeon (7/15)             Temple (1/1) D:5

Altars:
Ashenzari
Cheibriados
Dithmenos
Elyvilon
Gozag
Hepliaklqana
Kikubaaqudgha
Makhleb
Nemelex Xobeh
Okawaru
Qazlal
Ru
Sif Muna
Trog
Uskayaw
Xom
Yredelemnul
Zin

Shops:
D:5 [

Annotations:
D:5 3 runed doors, aragog127's ghost, novice GrFi


Innate Abilities, Weirdness & Mutations

You have a pair of large horns on your head.
You are partially covered in yellow scales. (AC +2)
You regenerate a little health from kills.


Message History

The orc warrior is heavily wounded.
The orc warrior hits you but does no damage.
You hit the orc warrior but do no damage.
The orc warrior is heavily wounded.
The orc warrior hits you with a scimitar!!
* * * LOW HITPOINT WARNING * * *
You closely miss the orc warrior.
The orc warrior is heavily wounded.
You block the orc warrior's attack.
You hit the orc warrior but do no damage.
The orc warrior is heavily wounded.
The orc warrior barely misses you.
You hit the orc warrior but do no damage.
Your headbutt misses the orc warrior.
The orc warrior is heavily wounded.
The orc warrior closely misses you.
You slash the orc warrior!
The orc warrior is almost dead.
The orc warrior hits you with a scimitar!
You die...

........#...###.# #.#
#####.#.##..# #.# #.####
##.......# #.# #.....
###..).#)<(# #.# #.####
....#..)(((# #.# #.#
#.##....#.(.# #.# #.# #
##....(((# #.# #.#
#.#.(..(# #.######.####
#.#..)@.# #............
#.....o...#############.
#.....(..##
.......(....#
......>(.##.# ###..##.##
.# .... #.# ## .... #..


You could see an orc warrior.

Vanquished Creatures
  A hornet (D:5)
  Grinder (D:3)
  Sigmund (D:4)
  A wyvern (D:5)
  Edmund (D:3)
  Duvessa (D:4)
  An ice beast (D:6)
  3 orc warriors
  A sky beast (D:5)
  2 ogres (D:6)
  A phantom (D:5)
  Blork the orc (D:4)
  A bullfrog (D:6)
  Dowan (D:3)
  2 scorpions
  2 crimson imps
  6 orc priests
  A centaur skeleton (D:4)
  7 orc wizards
  4 hounds
  Crazy Yiuf (D:3)
  A bullfrog skeleton (D:4)
  An iguana (D:7)
  Terence (D:2)
  4 worker ants
  A hound zombie (D:6)
  Robin (D:2)
  A howler monkey skeleton (D:5)
  15 adders
  A shadow imp (D:7)
  An ooze (D:3)
  An adder zombie (D:6)
  2 worms
  3 dart slugs
  7 leopard geckos
  31 orcs
  5 ball pythons
  7 bats
  4 giant cockroaches
  17 goblins
  10 hobgoblins
  13 jackals
  A quokka (D:5)
  9 frilled lizards
  14 kobolds
  6 rats
  2 plants (Sewer)
199 creatures vanquished.

Notes
Turn   | Place    | Note
-------+----------+-------------------------------------------
     0 | D:1      | PikkenKukken the Demonspawn Gladiator began the quest for the Orb.
     0 | D:1      | Reached XP level 1. HP: 16/16 MP: 1/1
   194 | D:1      | Gained mutation: You have a pair of small horns on your head. [demonic ancestry]
   194 | D:1      | Reached XP level 2. HP: 20/22 MP: 2/2
   722 | D:1      | Gained mutation: You are partially covered in yellow scales. (AC +2) [demonic ancestry]
   722 | D:1      | Reached XP level 3. HP: 20/27 MP: 3/3
  1383 | D:2      | Reached skill level 1 in Armour
  1383 | D:2      | Gained mutation: You have a pair of horns on your head. [demonic ancestry]
  1383 | D:2      | Reached XP level 4. HP: 24/34 MP: 4/4
  1836 | D:2      | Noticed Terence
  1848 | D:2      | Killed Terence
  1848 | D:2      | Reached skill level 1 in Shields
  2023 | D:3      | Gained mutation: You have a pair of large horns on your head. [demonic ancestry]
  2023 | D:3      | Reached XP level 5. HP: 37/39 MP: 5/5
  2326 | D:3      | Noticed Robin
  2344 | D:2      | Killed Robin
  2590 | D:3      | Noticed Grinder
  2599 | D:3      | Killed Grinder
  2599 | D:3      | Gained mutation: You regenerate a little health from kills. [demonic ancestry]
  2599 | D:3      | Reached XP level 6. HP: 22/47 MP: 6/6
  2888 | D:3      | Found a sacrificial altar of Ru.
  3039 | D:3      | Found a runed door.
  3043 | D:3      | Noticed Crazy Yiuf
  3062 | D:3      | Killed Crazy Yiuf
  3414 | D:4      | Noticed Sigmund
  3418 | D:4      | Noticed Edmund
  3484 | D:3      | Killed Edmund
  3484 | D:3      | Reached XP level 7. HP: 31/52 MP: 7/7
  3595 | D:4      | Killed Sigmund
  3621 | D:4      | Noticed Dowan
  3622 | D:4      | Noticed Duvessa
  3675 | D:4      | Killed Duvessa
  3846 | D:3      | Killed Dowan
  4132 | D:4      | Reached XP level 8. HP: 19/60 MP: 8/8
  4429 | D:4      | Noticed Blork the orc
  4437 | D:4      | Killed Blork the orc
  4726 | D:5      | Entered Level 5 of the Dungeon
  4739 | D:5      | Found a runed gate.
  4739 | D:5      | Found a runed gate.
  4739 | D:5      | Found a runed gate.
  4740 | D:5      | Noticed aragog127's ghost (novice GrFi)
  4823 | D:5      | Found a glowing drain.
  4839 | Sewer    | Entered a sewer
  5277 | D:5      | Noticed a hornet
  5280 | D:5      | Paralysed by a hornet for 2 turns
  5287 | D:5      | Killed a hornet
  5287 | D:5      | Reached skill level 5 in Axes
  5665 | D:5      | Found Kaimpyul's Antique Armour Emporium.
  5685 | D:5      | Reached skill level 5 in Fighting
  5685 | D:5      | Reached skill level 5 in Dodging
  5687 | D:5      | Reached XP level 9. HP: 13/68 MP: 9/9
  5996 | D:5      | Found a staircase to the Ecumenical Temple.
  6003 | Temple   | Entered the Ecumenical Temple
  6094 | Temple   | Became a worshipper of Makhleb the Destroyer
  6496 | D:6      | Reached skill level 5 in Throwing
  7008 | D:6      | Reached * piety under Makhleb
  7047 | D:6      | Found a bloodstained altar of Trog.
  7954 | D:7      | Mangled by an orc warrior

Vault maps used:
D:1:      onia_arrival_mini_maze_b, minmay_pentomino_u2
D:2:      uniq_terence
D:3:      minmay_misc_feat_secret_circle, nicolae_ru_awakened_eye,
          uniq_crazy_yiuf_cottage, uniq_grinder, uniq_robin
D:4:      minmay_misc_feat_five, uniq_duvessa, uniq_edmund, uniq_sigmund,
          uniq_blork_the_orc
D:5:      temple_green, ebering_ghost_rock_garden, serial_shops, shop,
          first_ration, cheibrodos_sewer_entry_sluice
D:6:      basic_altar
D:7:      wad_river_or_something
Temple:   regret_index_temple_mists
Sewer:    sewer_co_scattered_pipes

Skill      XL: |  1  2  3  4  5  6  7  8  9 |
---------------+----------------------------+-----
Throwing       | 2 3 4 5 |  5.3
Axes           | 3 4 5 |  5.7
Dodging        | 3 4 5 |  5.6
Armour         | 1 2 3 4 |  4.6
Shields        | 1 2 3 4 |  4.7
Fighting       | 3 4 5 |  5.7
Stealth        | |  0.3

Action                   |  1- 3 |  4- 6 |  7- 9 || total
-------------------------+-------+-------+-------++-------
Melee: War axe           |   100 |   127 |   412 ||   639
       Headbutt          |     9 |    26 |    95 ||   130
Throw: Throwing net      |     3 |     1 |       ||     4
       Tomahawk          |       |    18 |    21 ||    39
  Use: Potion            |     4 |     2 |     3 ||     9
       Scroll            |     2 |     2 |     8 ||    12
 Stab: Sleeping          |     4 |       |       ||     4
       Held in net/web   |       |     1 |       ||     1
  Eat: Chunk             |     2 |     5 |    13 ||    20
       Ration            |       |     1 |       ||     1
Armor: Leather armour    |    12 |       |       ||    12
       Ring mail         |    23 |    28 |   144 ||   195
       Troll leather arm |       |     8 |       ||     8
Dodge: Dodged            |    94 |    82 |   271 ||   447
Block: Buckler           |     8 |    31 |   102 ||   141

Table legend:
 A = Spawn XP
 B = Non-spawn XP
 C = Spawn XP percentage of total XP
 D = Spawn monster count
 E = Non-spawn monster count
 F = Spawn count percentage of total count
 G = Total turns spent on level
                    A         B        C        D         E        F      G
               +---------+---------+-------+---------+---------+-------+---------
         Total |       0 |    4382 |   0.0 |       0 |     197 |   0.0 |  7954
               +---------+---------+-------+---------+---------+-------+---------
           D:1 |       0 |      65 |   0.0 |       0 |      29 |   0.0 |  1186
           D:2 |       0 |     193 |   0.0 |       0 |      28 |   0.0 |  1109
           D:3 |       0 |     708 |   0.0 |       0 |      32 |   0.0 |  1835
           D:4 |       0 |     739 |   0.0 |       0 |      23 |   0.0 |   600
           D:5 |       0 |    1289 |   0.0 |       0 |      36 |   0.0 |  1168
           D:6 |       0 |     942 |   0.0 |       0 |      23 |   0.0 |  1438
           D:7 |       0 |     393 |   0.0 |       0 |       7 |   0.0 |   187
         Sewer |       0 |      53 |   0.0 |       0 |      19 |   0.0 |   309
               +---------+---------+-------+---------+---------+-------+---------
